 Dungeon Sprint DCSS version 0.27-a0-1144-g0b7d3b79db (webtiles) character file.

Game seed: 4181673696059190548

270 Zeld the Zephyrmancer (level 6, -6/45 HPs)
             Began as an Octopode Air Elementalist on May 10, 2021.
             Was a Follower of Sif Muna.
             Killed by miscasting Lightning Bolt (12 damage)
             ... in the Dungeon (Sprint IV: "Fedhas' Mad Dash").
             The game lasted 00:02:06 (1658 turns).

Zeld the Zephyrmancer (Octopode Air Elementalist)   Turns: 1658, Time: 00:02:07

Health: -6/45      AC:  1    Str:  7    XL:     6   Next: 22%
Magic:  9/14       EV: 15    Int: 19    God:    Sif Muna [*.....]
Gold:   97         SH:  0    Dex: 13    Spells: 3/15 levels left

rFire    . . .     SeeInvis .   (no weapon)
rCold    . . .     Faith    .   (no shield)
rNeg     . . .     Spirit   .   (helmet restricted)
rPois    .         Reflect  .   c - amulet of invisibility {+Inv}
rElec    .         Harm     .   (no ring)
rCorr    .         Rampage  .   (no ring)
Will     .....     NoTele   +   (no ring)
Stlth    +++.......             (no ring)
HPRegen  0.15/turn              (no ring)
MPRegen  0.14/turn              (no ring)
                                (no ring)
                                (no ring)

@: very slightly contaminated
A: almost no armour, amphibious, 8 rings, camouflage 1, gelatinous body 1,
(nimble swimmer 1), tentacles
a: Renounce Religion, Evoke Invisibility, Channel Magic


You were in the Dungeon.
You worshipped Sif Muna.
Sif Muna was aware of your devotion.
You visited 1 branch You collected 97 gold pieces.

Inventory:

Jewellery
 c - the amulet of invisibility (around mantle) {+Inv}
   (You found it in the Dungeon)

   [amulet of nothing]

   It lets you turn invisible.
Scrolls
 a - a scroll of magic mapping {unknown}
 b - a scroll of enchant weapon {unknown}
Potions
 d - a potion of haste
 e - a potion of magic


   Skills:
 + Level 5.3 Fighting
 + Level 5.8 Dodging
 - Level 2.6 Stealth
 + Level 5.4 Spellcasting
 - Level 1.0 Conjurations
 * Level 8.5 Air Magic


You had 3 spell levels left.
You knew the following spells:

 Your Spells              Type           Power      Damage    Failure   Level
a - Shock                 Conj/Air       92%        1d8       1%          1
b - Static Discharge      Conj/Air       23%        N/A       2%          2
c - Airstrike             Air            18%        N/A       3%          4
d - Lightning Bolt        Conj/Air       11%        1d24      43%         5

Your spell library contained the following spells:

 Spells                   Type           Power      Damage    Failure   Level
 Swiftness                Air            37%        N/A       1%          3


Dungeon Overview and Level Annotations

Branches:
Dungeon (1/1)

Altars:
Cheibriados
Dithmenos
Elyvilon
Gozag
Hepliaklqana
Kikubaaqudgha
Makhleb
Nemelex Xobeh
Okawaru
Qazlal
Ru
Sif Muna
Trog
Uskayaw
Vehumet
Wu Jian
Xom
Yredelemnul
Zin
The Shining One
Beogh
Jiyva
Lugonu


Innate Abilities, Weirdness & Mutations

You cannot wear most types of armour.
You are amphibious.
You can wear up to eight rings at the same time.
Your skin changes colour to match your surroundings (Stealth+).
Your rubbery body absorbs attacks. (AC +1, EV +1)
((You are camouflaged near water. (Stealth+)))
You have tentacles for arms and can constrict up to eight enemies at once.


Message History

Aim: a scorpion (heavily wounded)
The air twists around and strikes the scorpion!
You kill the scorpion!
Sif Muna accepts your kill.
You can now call upon Sif Muna for magical energy.
Your Fighting skill increases to level 5!
Your Air Magic skill increases to level 8!
You have reached level 6!
Your experience leads to an increase in your attributes!
Increase (S)trength, (I)ntelligence, or (D)exterity?
You feel clever. Magic courses through your body.
The spriggan closely misses you. The spriggan completely misses you.
The spriggan hits you with a +0 dagger! The spriggan barely misses you.
There is an open door here.
The spriggan hits you with a +0 dagger. The spriggan misses you.
There is a corrupted altar of Lugonu here.
The spriggan misses you. The spriggan hits you with a +0 dagger!
There is an ancient bone altar of Kikubaaqudgha here.
The spriggan hits you with a +0 dagger! The spriggan hits you with a +0 dagger!
* * * LOW HITPOINT WARNING * * *
There is a viscous altar of Jiyva here.
Blink to where?
Press: ? - help, Dir - move target
As you read the scroll of blinking, it crumbles to dust.
Casting: Airstrike (dangerous; 3% risk of failure)
Confirm with . or Enter, or press ? or * to list all spells.
You can't see any susceptible monsters within range! (Use Z to cast anyway.)
There are monsters nearby!
Casting: Airstrike (dangerous; 3% risk of failure)
Confirm with . or Enter, or press ? or * to list all spells.
The spell is extremely dangerous to cast (43% risk of failure)!
Continue anyway?
Aiming: Lightning Bolt (extremely dangerous; 43% risk of failure)
Press: ? - help, Shift-Dir - straight line You miscast Lightning Bolt.
You are very lightly contaminated with residual magic.
A wave of violent energy washes through your body!
You die...

#################################
#<..P#.....#.....#.⌠.i._._._.⌠.#.
#.P..÷.....'.#..@'..i._._._._..'.
#P.PP#.....#.#...#..._._._._...#.
###############'##.._._._._._..#.
+...#._._._._._.⌠.##
#...############### #####


You could see 2 spriggans.

Vanquished Creatures
  2 scorpions (D)
  4 oklob saplings (D)
  A river rat (D)
  A rat (D)
8 creatures vanquished.

Vanquished Creatures (others)
  2 fungi (D)
2 creatures vanquished.

Grand Total: 10 creatures vanquished

Notes
Turn   | Place    | Note
-------+----------+-------------------------------------------
     0 | D        | Zeld the Octopode Air Elementalist began the quest for the
                  | Orb.
     0 | D        | Reached XP level 1. HP: 11/11 MP: 3/3
    17 | D        | Reached skill level 1 in Fighting
    17 | D        | Reached skill level 4 in Air Magic
    17 | D        | Reached XP level 2. HP: 9/18 MP: 0/5
    25 | D        | Learned a level 2 spell: Static Discharge
   307 | D        | Noticed an oklob sapling
   310 | D        | Killed an oklob sapling
   311 | D        | Reached skill level 5 in Air Magic
   311 | D        | Reached XP level 3. HP: 25/25 MP: 5/7
   312 | D        | Noticed a scorpion
   313 | D        | Found the amulet of invisibility {+Inv}
   317 | D        | HP: 1/25 [scorpion (2)]
   321 | D        | Killed a scorpion
   322 | D        | Reached skill level 6 in Air Magic
   322 | D        | Reached XP level 4. HP: 22/32 MP: 6/10
   431 | D        | Learned a level 4 spell: Airstrike
   440 | D        | Found an opulent altar of Gozag.
   440 | D        | Found a hazy altar of Hepliaklqana.
   440 | D        | Found a burning altar of Makhleb.
   440 | D        | Found a sparkling altar of Nemelex Xobeh.
   440 | D        | Found a snail-covered altar of Cheibriados.
   440 | D        | Found a sacrificial altar of Ru.
   440 | D        | Found a shimmering blue altar of Sif Muna.
   440 | D        | Found a shimmering altar of Xom.
   440 | D        | Found a basalt altar of Yredelemnul.
   441 | D        | Found a viscous altar of Jiyva.
   441 | D        | Found a bloodstained altar of Trog.
   441 | D        | Found an ornate altar of the Wu Jian Council.
   441 | D        | Noticed an oklob sapling priest
   442 | D        | Found an iron altar of Okawaru.
   442 | D        | Found a shadowy altar of Dithmenos.
   442 | D        | Found a glowing silver altar of Zin.
   443 | D        | Found a hide-covered altar of Uskayaw.
   443 | D        | Found an ancient bone altar of Kikubaaqudgha.
   444 | D        | Found a glowing golden altar of the Shining One.
   444 | D        | Found a stormy altar of Qazlal.
   444 | D        | Found a white marble altar of Elyvilon.
   445 | D        | Found a radiant altar of Vehumet.
   445 | D        | Found a corrupted altar of Lugonu.
   447 | D        | Became a worshipper of Sif Muna the Loreminder
   450 | D        | Killed an oklob sapling priest
   451 | D        | Reached skill level 7 in Air Magic
   451 | D        | Reached XP level 5. HP: 38/38 MP: 0/11
  1033 | D        | Reached skill level 5 in Dodging
  1384 | D        | Reached * piety under Sif Muna
  1385 | D        | Reached skill level 5 in Spellcasting
  1637 | D        | Learned a level 5 spell: Lightning Bolt
  1645 | D        | Reached skill level 5 in Fighting
  1645 | D        | Reached skill level 8 in Air Magic
  1645 | D        | Reached XP level 6. HP: 45/45 MP: 4/14
  1658 | D        | Killed by miscasting Lightning Bolt

Illustrated notes

Levels and vault maps discovered:
D:        dungeon_sprint_fedhas [sprint_temple]

Skill      XL: |  1  2  3  4  5 |
---------------+----------------+-----
Fighting       | 1 2 3 4 5 |  5.3
Air Magic      | 4 5 6 7 8 |  8.5
Dodging        | 3 4 5 |  5.8
Spellcasting   | 3 4 5 |  5.4
Stealth        | |  2.6
Conjurations   | |  1.0

Action                   |  1- 3 |  4- 6 || total
-------------------------+-------+-------++-------
Melee: Unarmed           |    16 |       ||    16
       Constrict         |     6 |       ||     6
       Tentacles         |     3 |       ||     3
 Cast: Shock             |     4 |     1 ||     5
       Airstrike         |       |     7 ||     7
 Abil: Evoke Invisibilit |       |     1 ||     1
  Use: Potion            |     3 |     1 ||     4
       Scroll            |       |     1 ||     1
Armor: Skin              |     1 |       ||     1
Dodge: Dodged            |     6 |     5 ||    11

Table legend: (Time is in decaauts)
 A = Elapsed time spent in this place.
 B = Non-inter-level travel time spent in this place.
 C = Inter-level travel time spent in this place.
 D = Time resting spent in this place.
 E = Time spent auto-exploring this place.
 F = Levels seen in this place.
 G = Mean time per level.
                   A        B        C        D        E       F      G
               +--------+--------+--------+--------+--------+-----+--------+
         Total |   1667 |   1630 |     37 |   1471 |      0 |   1 | 1667.0 |
       Dungeon |   1667 |   1630 |     37 |   1471 |      0 |   1 | 1667.0 |
               +--------+--------+--------+--------+--------+-----+--------+

Top non-repeatable levels by time:
       D: 1667 daAuts
